 Dungeon Crawl Stone Soup version 0.30.1-4-g462c640d31 (webtiles) character file.

Game seed: 2779841586166993504

18 Heoruswealwe the Magician (level 2, -6/13 HPs)
             Began as a Spriggan Hedge Wizard on Aug 25, 2023.
             Mangled by a worm (9 damage)
             ... on level 2 of the Dungeon.
             The game lasted 00:10:03 (843 turns).

Heoruswealwe the Magician (Spriggan Hedge Wizard)    Turns: 843, Time: 00:10:06

Health: -6/13      AC:  2    Str:  6    XL:     2   Next: 48%
Magic:  8/8        EV: 17    Int: 15    God:
Gold:   56         SH:  0    Dex: 14    Spells: 7/9 levels left

rFire   . . .        a - +0 dagger
rCold   . . .        (no shield)
rNeg    . . .        c - +0 robe
rPois   .            g - +0 hat
rElec   .            (no cloak)
rCorr   .            (gloves unavailable)
SInv    +            (boots unavailable)
Will    .....        (no amulet)
Stlth   ++           k - ring of flight
HPRegen 0.22/turn    (no ring)
MPRegen 0.11/turn

%: no passive effects
@: flying, very quick
A: very small, no large weapons, unfitting armour, see invisible, speed 3
a: no special abilities


You were on level 2 of the Dungeon.
You visited 1 branch of the dungeon, and saw 2 of its levels.

You collected 56 gold pieces.

Inventory:

Hand Weapons
 a - a +0 dagger (weapon)
Armour
 c - a +0 robe (worn)
 g - a +0 hat (worn)
Jewellery
 k - a ring of flight (left hand)
Scrolls
 b - a scroll of silence {unknown}
 e - a scroll of torment {unknown}
 f - 3 scrolls of identify {unknown}
 h - a scroll of fear {unknown}
 i - a scroll of teleportation {unknown}
 l - a scroll of blinking {unknown}
Potions
 d - a potion of magic
 j - a potion of resistance {unknown}


   Skills:
 * Level 3.0 Dodging
 + Level 3.2 Stealth
 * Level 4.2 Spellcasting
 - Level 0.6 Conjurations
 + Level 0.6 Hexes
 - Level 0.7 Summonings
 * Level 2.1 Translocations
 + Level 0.5 Transmutations
 + Level 0.5 Evocations


You had 7 spell levels left.
You knew the following spells:

 Your Spells              Type           Power      Damage    Failure   Level
a - Magic Dart            Conj           16%        1d3       14%         1
b - Slow                  Hex            20%        N/A       14%         1

Your spell library contained the following spells:

 Spells                   Type           Power      Damage    Failure   Level
 Blink                    Tloc           18%        N/A       11%         2
 Call Imp                 Summ           10%        N/A       21%         2
 Cigotuvi's Dreadful Rot  Necr/Pois/Air  6%         N/A       26%         2
 Mephitic Cloud           Conj/Pois/Air  3%         N/A       43%         3


Dungeon Overview and Level Annotations

Branches:
Dungeon (2/15)

Altars:
Makhleb


Innate Abilities, Weirdness & Mutations

You are very small and have problems with some larger weapons.
You are too small for most types of armour.
You have supernaturally acute eyesight. (SInv)
You cover ground extremely quickly. (Speed+++)


Message History

The hobgoblin shouts!
A giant cockroach comes into view.
The helpless worm fails to defend itself.
You puncture the worm!
The worm is severely wounded.
You hit the worm.
The worm is almost dead.
The worm misses you.
You hit the worm but do no damage.
The worm is severely wounded.
The worm closely misses you.
You hit the worm but do no damage.
The worm is severely wounded.
You barely miss the worm.
The worm is severely wounded.
The worm completely misses you.
You hit the worm.
The worm is almost dead.
The hobgoblin hits you.
You hit the worm but do no damage.
The worm is almost dead.
The giant cockroach closely misses you. The hobgoblin completely misses you.
The worm barely misses you.
You hit the worm.
The worm is almost dead.
The giant cockroach bites you but does no damage.
The hobgoblin hits you. The worm bites you.
The giant cockroach bites you but does no damage.
You barely miss the worm.
The worm is almost dead.
The hobgoblin hits you.
* * * LOW HITPOINT WARNING * * *
The giant cockroach completely misses you.
You hit the worm.
The worm is almost dead.
The hobgoblin closely misses you.
The giant cockroach completely misses you.
The worm bites you!
Ouch! That really hurt!
You die...

#<................
#######...........
#...........
###...........
#...........#
#...........#
#...........#
#####....??...#
#.@g..........#
#w.B..........#
#.....#.........
#.....#.........
#######.........
#..B......
#......... ....


You could see a worm, a giant cockroach and a hobgoblin.

Vanquished Creatures
  3 dart slugs (D:1)
  An endoplasm (D:1)
  A giant cockroach (D:1)
  3 ball pythons (D:1)
  A bat (D:1)
  A frilled lizard (D:1)
  2 goblins (D:1)
  A kobold (D:1)
  A rat (D:2)
14 creatures vanquished.

Notes
Turn   | Place    | Note
-------+----------+-------------------------------------------
     0 | D:1      | Heoruswealwe the Spriggan Hedge Wizard began the quest for
                  | the Orb.
     0 | D:1      | Reached XP level 1. HP: 9/9 MP: 6/6
     2 | D:1      | Learned a level 1 spell: Slow
   208 | D:1      | Reached XP level 2. HP: 13/13 MP: 8/8
   525 | D:1      | Found a faded altar of an unknown god.
   613 | D:1      | Prayed at the altar of an unknown god.
   613 | D:1      | Became a worshipper of Makhleb the Destroyer
   613 | D:1      | Reached * piety under Makhleb
   614 | D:1      | Fell from the grace of Makhleb
   843 | D:2      | Mangled by a worm

Illustrated notes

Levels and vault maps discovered:
D:1:      dpeg_arrival_renting, layout_loops_ring,
          nicolae_ecumenical_snake_handling
D:2:      layout_basic

Skill      XL: |  1  2 |
---------------+-------+-----
Translocations | 2 |  2.1
Dodging        | 3 |  3.0
Stealth        | |  3.2
Spellcasting   | |  4.2
Conjurations   | |  0.6
Hexes          | |  0.6
Summonings     | |  0.7
Transmutations | |  0.5
Evocations     | |  0.5

Action                     || total
---------------------------++-------
  Melee: Dagger            ||    56
 Invoke: Renounce Religion ||     1
   Stab: Sleeping          ||     5
 Armour: Robe              ||     4
  Dodge: Dodged            ||    34
